 Dungeon Crawl Stone Soup version 0.18.1-5-g4a78601 (webtiles) character file.

163 uglyjohn the Cudgeler (level 5, -3/32 HPs)
             Began as a Gargoyle Fighter on May 10, 2016.
             Slain by an iguana (8 damage)
             ... on level 5 of the Dungeon.
             The game lasted 00:04:00 (2242 turns).

uglyjohn the Cudgeler (Gargoyle Fighter)            Turns: 2242, Time: 00:04:01

Health: -3/32      AC: 12    Str: 26    XL:     5   Next: 44%
Magic:  5/5        EV:  6    Int:  8    God:
Gold:   103        SH:  9    Dex:  9    Spells: 0 memorised, 4 levels left

rFire  + . .     SeeInvis .     a - +0 flail
rCold  . . .     Gourm    .     t - +0 chain mail
rNeg   + . .     Faith    .     c - +0 shield
rPois  ∞         Spirit   .     (no helmet)
rElec  +         Dismiss  .     u - +1 cloak
rCorr  .         Reflect  .     (no gloves)
SustAt .         Harm     .     (no boots)
MR     .....                    (no amulet)
Stlth  ..........               j - ring of protection from fire
                                o - -3 ring of protection (curse)

@: mighty, not resistant to hostile enchantments, extremely unstealthy
A: negative energy resistance 1, electricity resistance, unbreathing,
petrification resistance, rot immunity, AC +4
a: no special abilities


You were on level 5 of the Dungeon.
You were hungry.

You visited 1 branch of the dungeon, and saw 5 of its levels.

You collected 103 gold pieces.

Inventory:

Hand Weapons
 a - a +0 flail (weapon)
Armour
 b - a +0 scale mail
 c - a +0 shield (worn)
 t - a +0 chain mail (worn)
 u - a +1 cloak (worn)
Jewellery
 j - a ring of protection from fire (right hand)
 o - a cursed -3 ring of protection (left hand)
 y - an uncursed ring of wizardry {unknown}
Wands
 x - a wand of iceblast (8/15)
Scrolls
 l - 3 scrolls of recharging
 p - a scroll of teleportation {unknown}
 q - 2 scrolls of identify {unknown}
 w - a scroll of blinking {unknown}
Potions
 e - 2 potions of magic {unknown}
 g - a potion of curing {unknown}
 h - a potion of heal wounds {unknown}
 i - a potion of beneficial mutation {unknown}
 m - 2 potions of degeneration {unknown}
 n - a potion of ambrosia {unknown}
 z - a potion of haste {unknown}
Comestibles
 f - 4 bread rations
 k - a slice of pizza
 r - 2 fruits
 s - 3 beef jerkies


   Skills:
 - Level 3.2 Fighting
 + Level 5.5 Maces & Flails
 - Level 3.2 Armour
 - Level 3.2 Shields


You had 4 spell levels left.
You didn't know any spells.

Dungeon Overview and Level Annotations

Branches:
Dungeon (5/15)
 Temple: D:4-7

Altars:
Dithmenos
Gozag
Yredelemnul
The Shining One


Innate Abilities, Weirdness & Mutations

You are resistant to torment.
Your stone body is resilient (AC +4).
You are immune to poison.
You resist negative energy.
You are resistant to electric shocks.
You can survive without breathing.
You are immune to petrification.
You are immune to rotting.


Message History

You completely miss the hound. The hound bites you.
* * * LOW HITPOINT WARNING * * *
The hound bites you but does no damage.
You are too injured to fight recklessly!
You are too injured to fight recklessly!
You are too injured to fight recklessly!
You are too injured to fight recklessly!
The iguana hisses angrily.
You thump the hound!
The hound is severely wounded.
The hound bites you.
* * * LOW HITPOINT WARNING * * *
The hound bites you but does no damage.
Drink which item? (? for menu, Esc to quit)
You feel very mighty all of a sudden. You block the hound's attack.
You sock the hound!
You kill the hound!
You closely miss the iguana. The iguana bites you!
You die...

####
#..
#l#
#@#
###


You could see an iguana.

Vanquished Creatures
  A hound (D:5)
  A giant frog skeleton (D:4)
  4 adders
  An ooze (D:3)
  A worm (D:2)
  A dart slug (D:2)
  A giant gecko (D:3)
  4 orcs (D:3)
  6 bats
  A giant cockroach (D:3)
  5 goblins
  6 hobgoblins
  11 kobolds
  2 quokkas
  7 giant newts
  7 rats
59 creatures vanquished.

Notes
Turn   | Place    | Note
--------------------------------------------------------------
     0 | D:1      | uglyjohn the Gargoyle Fighter began the quest for the Orb.
     0 | D:1      | Reached XP level 1. HP: 14/14 MP: 1/1
   360 | D:1      | Reached XP level 2. HP: 16/19 MP: 2/2
   488 | D:1      | Reached skill level 3 in Maces & Flails
   955 | D:2      | Reached XP level 3. HP: 22/23 MP: 3/3
  1123 | D:2      | Found an opulent altar of Gozag.
  1626 | D:3      | Reached skill level 4 in Maces & Flails
  1639 | D:3      | Reached XP level 4. HP: 28/28 MP: 4/4
  1875 | D:3      | Found a glowing golden altar of the Shining One.
  2048 | D:3      | Found a shadowy altar of Dithmenos.
  2157 | D:4      | Found a basalt altar of Yredelemnul.
  2225 | D:4      | Reached skill level 5 in Maces & Flails
  2225 | D:4      | Reached XP level 5. HP: 14/32 MP: 5/5
  2236 | D:5      | Entered Level 5 of the Dungeon
  2242 | D:5      | Slain by an iguana

Skill      XL: |  1  2  3  4 |
---------------+-------------+-----
Maces & Flails | 3 4 5 |  5.5
Fighting       | |  3.2
Armour         | |  3.2
Shields        | |  3.2

Action                   |  1- 3 |  4- 6 || total
-------------------------+-------+-------++-------
Melee: Flail             |   128 |   107 ||   235
  Use: Scroll            |     3 |       ||     3
       Potion            |       |     1 ||     1
  Eat: Chunk             |     2 |     2 ||     4
Armor: Scale mail        |    69 |       ||    69
       Chain mail        |     9 |    65 ||    74
Dodge: Dodged            |    31 |    26 ||    57
Block: Shield            |    66 |    59 ||   125
